AoeStats
← RIO1000

Arabia

507867243Analyzed
1v1 RM · 13d ago on Sep 20, 2026· 43m 13s· 2 players
Game mode
Random Map
Map size
Tiny (2 player)
Population
200
Speed
Normal
Resources
Standard
Victory
Conquest
Starting age
Dark Age
Ending age
Imperial Age
RankedLock teamsTeams togetherTeam positionsShared explorationLock speedFull tech treeHidden civsTurbo modeCheats
Victory
Defeat
🇲🇽 Magyars · Mexico
838
+15
🇨🇱 Japanese · Chile
821
-39
McValen Musk
11:36 Feudal Age
22:00 Castle Age
24:03 Town Watch
24:07 Loom
24:19 Loom
25:33 Town Patrol
26:59 Double-Bit Axe
27:13 Horse Collar
28:25 Wheelbarrow
29:09 Pikeman
40:30 Imperial Age
39:23 Forging
40:02 Squires
40:50 Halberdier
RIO1000
5:51 Loom
9:51 Feudal Age
10:20 Double-Bit Axe
18:02 Castle Age
15:48 Horse Collar
17:46 Gold Mining
18:57 Bow Saw
19:40 Wheelbarrow
19:10 Heavy Plow
25:30 Scale Barding Armor
26:17 Bloodlines
26:08 Husbandry
27:13 Chain Barding Armor
27:29 Stone Mining
29:39 Gold Shaft Mining
29:04 Man-at-Arms
30:27 Hand Cart
32:35 Town Watch
33:22 Town Patrol
36:09 Imperial Age
33:58 Corvinian Army
35:03 Fletching
35:47 Bodkin Arrow
35:32 Light Cavalry
37:36 Plate Barding Armor
37:26 Conscription
38:19 Hussar
39:39 Crop Rotation
39:40 Bracer
Connection lost

Rejoining the realm…

Still unreachable

The connection could not be restored.

Session expired

The server has moved on; the page needs a fresh start.